 Dungeon Crawl Stone Soup version 0.21-a0-583-g2c32b0f (webtiles) character file.

48 slep the Chopper (level 3, -1/18 HPs)
             Began as a Vine Stalker Gladiator on Dec 20, 2017.
             Slain by a kobold
             ... wielding a cursed -3 club
              (2 damage)
             ... on level 2 of the Dungeon.
             The game lasted 00:02:08 (781 turns).

slep the Chopper (Vine Stalker Gladiator)            Turns: 781, Time: 00:02:09

Health: -1/18      AC:  4    Str: 16    XL:     3   Next: 72%
Magic:  0/4        EV: 13    Int:  8    God:
Gold:   43         SH:  0    Dex: 16    Spells: 2/2 levels left

rFire    . . .     SeeInvis .   a - +0 war axe
rCold    . . .     Gourm    .   (no shield)
rNeg     . . .     Faith    .   b - +0 leather armour
rPois    .         Spirit   +   c - +0 helmet
rElec    .         Reflect  .   (no cloak)
rCorr    .         Harm     .   (no gloves)
MR       .....                  (no boots)
Stlth    +.........             k - amulet of guardian spirit
HPRegen  0.06/turn              (no ring)
MPRegen  0.09/turn              (no ring)

@: no status effects
A: fangs 2, magic shield, antimagic bite, no potion heal 3, rot immunity
a: no special abilities


You were on level 2 of the Dungeon.
You were not hungry.

You visited 1 branch of the dungeon, and saw 2 of its levels.

You collected 43 gold pieces.

Inventory:

Hand Weapons
 a - a +0 war axe (weapon)
Missiles
 d - 3 throwing nets (quivered)
Armour
 b - a +0 leather armour (worn)
 c - a +0 helmet (worn)
Jewellery
 k - an amulet of guardian spirit (around neck)
 n - an uncursed ring of wizardry {unknown}
Scrolls
 e - 2 scrolls of identify {unknown}
 g - 2 scrolls of fog {unknown}
 h - a scroll of amnesia {unknown}
 i - a scroll of random uselessness {unknown}
 l - 2 scrolls of remove curse {unknown}
 o - a scroll of teleportation {unknown}
Potions
 j - a potion of curing {unknown}
 m - a potion of heal wounds {unknown}
Comestibles
 f - 2 rations


   Skills:
 + Level 2.1 Fighting
 + Level 3.4 Axes
 + Level 1.9 Throwing
 + Level 0.3 Armour
 + Level 2.8 Dodging


You had 2 spell levels left.
You didn't know any spells.

Dungeon Overview and Level Annotations

Branches:
Dungeon (2/15)

Altars:


Innate Abilities, Weirdness & Mutations

You have extremely sharp teeth.
When hurt, damage is shared between your health and your magic reserves.
Your bite disrupts and absorbs the magic of your enemies.
Potions cannot restore your health.
You are immune to rotting.


Message History

* * * LOW HITPOINT WARNING * * *
A hobgoblin comes into view.
You slash the gnoll! You bite the gnoll, but do no damage.
The gnoll is severely wounded.
You hit the jackal.
The jackal bites you but does no damage.
The gnoll hits you with a flail.
* * * LOW HITPOINT WARNING * * *
The jackal barely misses you.
A rat comes into view.
You barely miss the gnoll.
The gnoll is severely wounded.
You slash the jackal!
You kill the jackal!
The gnoll closely misses you. The kobold closely misses you.
You slash the gnoll!
You kill the gnoll!
You hit the kobold. The gnoll barely misses you. The adder barely misses you.
The kobold hits you with a club.
You die...

####### #.#.### ..
#.....#######.#..†. ...
#.###......##.#....
....#.#?#..###.##)#....
....#.###..#....).#....
..........##...#..(....
...............+.......
#.†..%...##......#
#@††....#.######..
#SK..(..#.#.. +..
..g......#.##.## #..
..g......#.## # #..
..........#.## ..
...r.....#.##
.#..#...#.## g######.#


You could see 2 gnolls, an adder, a hobgoblin, a kobold and a rat.

Vanquished Creatures
  A gnoll (D:2)
  A dart slug (D:1)
  3 leopard geckos
  2 giant cockroaches (D:1)
  4 goblins
  4 hobgoblins
  4 jackals (D:2)
  A ball python (D:1)
  3 bats (D:1)
  3 kobolds
  5 rats
31 creatures vanquished.

Notes
Turn   | Place    | Note
-------+----------+-------------------------------------------
     0 | D:1      | slep the Vine Stalker Gladiator began the quest for the Orb.
     0 | D:1      | Reached XP level 1. HP: 11/11 MP: 2/2
    54 | D:1      | Reached XP level 2. HP: 13/15 MP: 1/3
    77 | D:1      | Reached skill level 3 in Axes
   600 | D:1      | Reached XP level 3. HP: 18/18 MP: 4/4
   781 | D:2      | Slain by a kobold

Vault maps used:
D:1:      ncdulo_lavacross, minmay_misc_feat_nine_boxes, minmay_box_of_dots
D:2:      wad_pebble_path, zin_treasury, item_on_display_a

Skill      XL: |  1  2  3 |
---------------+----------+-----
Axes           | 3 |  3.4
Fighting       | 2 |  2.1
Throwing       | |  1.9
Armour         | |  0.3
Dodging        | |  2.8

Action                   || total
-------------------------++-------
Melee: War axe           ||    59
       Bite              ||    11
Armor: Leather armour    ||    23
Dodge: Dodged            ||    63

Table legend:
 A = Spawn XP
 B = Non-spawn XP
 C = Spawn XP percentage of total XP
 D = Spawn monster count
 E = Non-spawn monster count
 F = Spawn count percentage of total count
 G = Total turns spent on level
                    A         B        C        D         E        F      G
               +---------+---------+-------+---------+---------+-------+---------
         Total |       0 |      69 |   0.0 |       0 |      31 |   0.0 |   781
               +---------+---------+-------+---------+---------+-------+---------
           D:1 |       0 |      34 |   0.0 |       0 |      19 |   0.0 |   735
           D:2 |       0 |      35 |   0.0 |       0 |      12 |   0.0 |    46
               +---------+---------+-------+---------+---------+-------+---------
